PCL
MILE HIGH BRONCOS @ LANSING LUGNUTS
08/14/2024
 
TOP OF THE 1ST
Mile High Broncos batting - Pitching for Lansing Lugnuts : RHP Manabu Mizuno
Pitching: RHP Manabu Mizuno
Batting: LHB Doyle Otterburn 0-0: Foul Ball, location: 2F
0-1: Ball
1-1: Called Strike
1-2: Fly out, F8 (Flyball, 8RS)
Batting: LHB Tony Báez 0-0: Ball
1-0: Swinging Strike
1-1: Swinging Strike
1-2: Foul Ball, location: 2F
1-2: Ball
2-2: SOLO HOME RUN (Flyball, 8RXD) (Inside the Park)
Batting: RHB José Herrera 0-0: Ball
1-0: Ball
2-0: Called Strike
2-1: Fly out, F8 (Flyball, 8LM)
Batting: RHB Juan Jose Guevana 0-0: Called Strike
0-1: Ball
1-1: Foul Ball, location: 2F
1-2: Strikes out swinging
Top of the 1st over - 1 run(s), 1 hit(s), 0 error(s), 0 left on base; Mile High 1 - Lansing 0
BOTTOM OF THE 1ST
Lansing Lugnuts batting - Pitching for Mile High Broncos : RHP Fernand Picard
Pitching: RHP Fernand Picard
Batting: RHB Michael Woodruff 0-0: Ball
1-0: Called Strike
1-1: Ball
2-1: SINGLE (Groundball, 6MD)
Batting: LHB Iván Salas 0-0: Foul Ball, location: 2F
0-1: Swinging Strike
0-2: Ball
1-2: Fly out, F3 (Line Drive, 3)
Batting: RHB Júlio Caraballo 0-0: Foul Ball, location: 2F
0-1: Called Strike
0-2: Grounds into double play, 4-6-3 (Groundball, 4)
Bottom of the 1st over - 0 run(s), 1 hit(s), 0 error(s), 0 left on base; Mile High 1 - Lansing 0
TOP OF THE 2ND
Mile High Broncos batting - Pitching for Lansing Lugnuts : RHP Manabu Mizuno
Batting: LHB Bill Houston 0-0: Called Strike
0-1: Fly out, F5 (Popup, 5F)
Batting: SHB Tom Stevens 0-0: Ball
1-0: Called Strike
1-1: Swinging Strike
1-2: Ball
2-2: Ball
3-2: Strikes out swinging
Batting: RHB Edward Williams 0-0: Swinging Strike
0-1: Called Strike
0-2: Ball
1-2: Ball
2-2: Ball
3-2: Fly out, F8 (Flyball, 8RM)
Top of the 2nd over - 0 run(s), 0 hit(s), 0 error(s), 0 left on base; Mile High 1 - Lansing 0
BOTTOM OF THE 2ND
Lansing Lugnuts batting - Pitching for Mile High Broncos : RHP Fernand Picard
Batting: LHB Ricardo Romero 0-0: Foul Ball, location: 2F
0-1: Swinging Strike
0-2: Foul Ball, location: 2F
0-2: Ball
1-2: Fly out, F7 (Popup, 78S)
Batting: LHB Francisco Marino 0-0: Ball
1-0: Ball
2-0: Ground out 4-3 (Groundball, 34)
Batting: RHB Jeff Packard 0-0: Ball
1-0: Fly out, F2 (Popup, 2RF)
Bottom of the 2nd over - 0 run(s), 0 hit(s), 0 error(s), 0 left on base; Mile High 1 - Lansing 0
TOP OF THE 3RD
Mile High Broncos batting - Pitching for Lansing Lugnuts : RHP Manabu Mizuno
Batting: RHB Juan Gonzáles 0-0: Ball
1-0: Fly out, F5 (Line Drive, 56)
Batting: RHB José Rodríguez 0-0: Ball
1-0: Swinging Strike
1-1: Foul Ball, location: 2F
1-2: Ball
2-2: Strikes out swinging
Batting: LHB Doyle Otterburn 0-0: Ball
1-0: Ball
2-0: Swinging Strike
2-1: Ball
3-1: Foul Ball, location: 2F
3-2: SOLO HOME RUN (Flyball, 9LD), Distance : 371 ft
Batting: LHB Tony Báez 0-0: Foul Ball, location: 2F
0-1: Called Strike
0-2: Ball
1-2: Ball
2-2: Strikes out looking
Top of the 3rd over - 1 run(s), 1 hit(s), 0 error(s), 0 left on base; Mile High 2 - Lansing 0
BOTTOM OF THE 3RD
Lansing Lugnuts batting - Pitching for Mile High Broncos : RHP Fernand Picard
Batting: RHB Phil Matthews 0-0: Foul Ball, location: 2F
0-1: Ball
1-1: Ball
2-1: Ground out 5-3 (Groundball, 56)
Batting: RHB Sadao Kimura 0-0: SINGLE (Line Drive, 78M)
Batting: RHB Matt Silver 0-0: Ball
Sadao Kimura steals 2nd base
1-0: Foul Ball, location: 2F
1-1: Called Strike
1-2: Foul Ball, location: 2F
1-2: Ball
2-2: Ball
Passed Ball!
Sadao Kimura to third
3-2: Foul Ball, location: 2F
3-2: Strikes out swinging
Batting: RHB Michael Woodruff 0-0: Swinging Strike
0-1: Swinging Strike
0-2: Foul Ball, location: 2F
0-2: Ball
1-2: Ball
2-2: SINGLE (Flyball, 9LM)
Sadao Kimura scores
Batting: LHB Iván Salas 0-0: Swinging Strike
0-1: Foul Ball, location: 2F
0-2: Fly out, F2 (Popup, 2LF)
Bottom of the 3rd over - 1 run(s), 2 hit(s), 0 error(s), 1 left on base; Mile High 2 - Lansing 1
TOP OF THE 4TH
Mile High Broncos batting - Pitching for Lansing Lugnuts : RHP Manabu Mizuno
Batting: RHB José Herrera 0-0: Called Strike
0-1: Ball
1-1: Called Strike
1-2: Fly out, F8 (Line Drive, 8LS)
Batting: RHB Juan Jose Guevana 0-0: Foul Ball, location: 2F
0-1: Ball
1-1: Ball
2-1: Ball
3-1: Fly out, F7 (Flyball, 78D)
Batting: LHB Bill Houston 0-0: Ball
1-0: Called Strike
1-1: Foul Ball, location: 2F
1-2: Strikes out swinging
Top of the 4th over - 0 run(s), 0 hit(s), 0 error(s), 0 left on base; Mile High 2 - Lansing 1
BOTTOM OF THE 4TH
Lansing Lugnuts batting - Pitching for Mile High Broncos : RHP Fernand Picard
Batting: RHB Júlio Caraballo 0-0: Swinging Strike
0-1: Ball
1-1: Ball
2-1: Swinging Strike
2-2: Foul Ball, location: 2F
2-2: Foul Ball, location: 2F
2-2: Ball
3-2: Foul Ball, location: 2F
3-2: Strikes out looking
Batting: LHB Ricardo Romero 0-0: Foul Ball, location: 2F
0-1: Ball
1-1: Swinging Strike
1-2: Foul Ball, location: 2F
1-2: Ball
2-2: Ball
3-2: Foul Ball, location: 2F
3-2: Strikes out swinging
Batting: LHB Francisco Marino 0-0: Ball
1-0: Ball
2-0: Ball
3-0: Called Strike
3-1: Base on Balls
Batting: RHB Jeff Packard 0-0: Ball
1-0: Called Strike
1-1: Called Strike
1-2: Strikes out swinging
Bottom of the 4th over - 0 run(s), 0 hit(s), 0 error(s), 1 left on base; Mile High 2 - Lansing 1
TOP OF THE 5TH
Mile High Broncos batting - Pitching for Lansing Lugnuts : RHP Manabu Mizuno
Batting: SHB Tom Stevens 0-0: Ball
1-0: Ball
2-0: Fly out, F7 (Line Drive, 78S)
Batting: RHB Edward Williams 0-0: Ball
1-0: Called Strike
1-1: Called Strike
1-2: Strikes out looking
Batting: RHB Juan Gonzáles 0-0: Foul Ball, location: 2F
0-1: Called Strike
0-2: Ball
1-2: Foul Ball, location: 2F
1-2: Ball
2-2: Ball
3-2: Base on Balls
Batting: RHB José Rodríguez 0-0: Ball
1-0: Called Strike
1-1: Ball
2-1: Foul Ball, location: 2F
2-2: Strikes out looking
Top of the 5th over - 0 run(s), 0 hit(s), 0 error(s), 1 left on base; Mile High 2 - Lansing 1
BOTTOM OF THE 5TH
Lansing Lugnuts batting - Pitching for Mile High Broncos : RHP Fernand Picard
Batting: RHB Phil Matthews 0-0: Fly out, F9 (Flyball, 9M)
Batting: RHB Sadao Kimura 0-0: Ball
1-0: Called Strike
1-1: Swinging Strike
1-2: Fly out, F8 (Flyball, 8LXD)
Batting: RHB Matt Silver 0-0: Foul Ball, location: 2F
0-1: Ground out 6-3 (Groundball, 6M)
Bottom of the 5th over - 0 run(s), 0 hit(s), 0 error(s), 0 left on base; Mile High 2 - Lansing 1
TOP OF THE 6TH
Mile High Broncos batting - Pitching for Lansing Lugnuts : RHP Manabu Mizuno
Batting: LHB Doyle Otterburn 0-0: Ground out 4-3 (Groundball, 34)
Batting: LHB Tony Báez 0-0: Ball
1-0: Called Strike
1-1: DOUBLE (Flyball, 7LM)
Batting: RHB José Herrera 0-0: Called Strike
0-1: Foul Ball, location: 2F
0-2: Ball
1-2: Strikes out swinging
Batting: RHB Juan Jose Guevana 0-0: Foul Ball, location: 2F
0-1: Ball
1-1: Foul Ball, location: 2F
1-2: Foul Ball, location: 2F
1-2: Ball
2-2: 2-RUN HOME RUN (Flyball, 78XD), Distance : 424 ft
Batting: LHB Bill Houston 0-0: Called Strike
0-1: Called Strike
0-2: Ground out U3 (Groundball, 3L)
Top of the 6th over - 2 run(s), 2 hit(s), 0 error(s), 0 left on base; Mile High 4 - Lansing 1
BOTTOM OF THE 6TH
Lansing Lugnuts batting - Pitching for Mile High Broncos : RHP Fernand Picard
Batting: RHB Michael Woodruff 0-0: Called Strike
0-1: Ball
1-1: Swinging Strike
1-2: Strikes out swinging
Batting: LHB Iván Salas 0-0: Called Strike
0-1: Called Strike
0-2: Ball
1-2: SINGLE (Line Drive, 6D)
Batting: RHB Júlio Caraballo 0-0: Swinging Strike
0-1: Ground out 6-3 (Groundball, 6MS)
Iván Salas to second
Batting: LHB Ricardo Romero 0-0: Ball
1-0: Ball
2-0: Ball
3-0: Base on Balls
Batting: LHB Francisco Marino 0-0: Ground out U3 (Groundball, 3)
Bottom of the 6th over - 0 run(s), 1 hit(s), 0 error(s), 2 left on base; Mile High 4 - Lansing 1
TOP OF THE 7TH
Mile High Broncos batting - Pitching for Lansing Lugnuts : RHP Manabu Mizuno
Pitching: RHP Juan Álvarez
Batting: SHB Tom Stevens 0-0: Ball
1-0: Foul Ball, location: 2F
1-1: Ball
2-1: Swinging Strike
2-2: Strikes out looking
Batting: RHB Edward Williams 0-0: Ball
1-0: Ball
2-0: Ball
3-0: Called Strike
3-1: Base on Balls
Batting: RHB Juan Gonzáles 0-0: Ball
1-0: Ball
2-0: Ball
3-0: Base on Balls
Edward Williams to second
Batting: RHB José Rodríguez 0-0: Foul Ball, location: 2F
0-1: Ball
1-1: Ball
2-1: Foul Ball, location: 2F
2-2: Fly out, F3 (Popup, 3DF)
Batting: LHB Doyle Otterburn 0-0: Ball
1-0: Called Strike
1-1: Swinging Strike
1-2: Ground out U3 (Groundball, 3L)
Top of the 7th over - 0 run(s), 0 hit(s), 0 error(s), 2 left on base; Mile High 4 - Lansing 1
BOTTOM OF THE 7TH
Lansing Lugnuts batting - Pitching for Mile High Broncos : RHP Fernand Picard
Batting: RHB Jeff Packard 0-0: Called Strike
0-1: DOUBLE (Flyball, 8RXD)
Pitching: RHP Todd Howell
Batting: RHB Phil Matthews 0-0: Fly out, F6 (Popup, 6M)
Batting: RHB Sadao Kimura 0-0: Foul Ball, location: 2F
0-1: Ball
1-1: Called Strike
1-2: Ball
2-2: Ball
3-2: Base on Balls
Batting: RHB Matt Silver 0-0: Ball
1-0: Called Strike
1-1: Fly out, F8 (Flyball, 8RXD)
Runner from 2nd tags up, SAFE at 3rd, no throw
Batting: RHB Michael Woodruff 0-0: Ball
1-0: Ball
2-0: Foul Ball, location: 2F
2-1: Called Strike
Sadao Kimura steals 2nd base
2-2: Ball
3-2: Foul Ball, location: 2F
3-2: Ground out 6-3 (Groundball, 6M)
Bottom of the 7th over - 0 run(s), 1 hit(s), 0 error(s), 2 left on base; Mile High 4 - Lansing 1
TOP OF THE 8TH
Mile High Broncos batting - Pitching for Lansing Lugnuts : RHP Juan Álvarez
Pitching: RHP Jesús Sosa
Batting: LHB Tony Báez 0-0: Swinging Strike
0-1: Called Strike
0-2: Ball
1-2: Strikes out swinging
Batting: RHB José Herrera 0-0: Ball
1-0: Ball
2-0: Ground out 4-3 (Groundball, 4M)
Batting: RHB Juan Jose Guevana 0-0: Called Strike
0-1: Ground out 6-3 (Groundball, 6)
Top of the 8th over - 0 run(s), 0 hit(s), 0 error(s), 0 left on base; Mile High 4 - Lansing 1
BOTTOM OF THE 8TH
Lansing Lugnuts batting - Pitching for Mile High Broncos : RHP Todd Howell
Batting: LHB Iván Salas 0-0: Ball
1-0: Called Strike
1-1: Called Strike
1-2: Strikes out swinging
Batting: RHB Júlio Caraballo 0-0: Swinging Strike
0-1: Swinging Strike
0-2: Strikes out swinging
Batting: LHB Ricardo Romero 0-0: Foul Ball, location: 2F
0-1: Ball
1-1: Foul Ball, location: 2F
1-2: Foul Ball, location: 2F
1-2: SINGLE (Groundball, 5D)
Pitching: RHP Tony Marrero
Batting: LHB Francisco Marino 0-0: Foul Ball, location: 2F
0-1: Foul Ball, location: 2F
0-2: Foul Ball, location: 2F
0-2: Strikes out swinging
Bottom of the 8th over - 0 run(s), 1 hit(s), 0 error(s), 1 left on base; Mile High 4 - Lansing 1
TOP OF THE 9TH
Mile High Broncos batting - Pitching for Lansing Lugnuts : RHP Jesús Sosa
Batting: LHB Bill Houston 0-0: Ball
1-0: Called Strike
1-1: Swinging Strike
1-2: Hit by Pitch
Batting: SHB Tom Stevens 0-0: Ball
1-0: Swinging Strike
1-1: Ball
2-1: Ball
3-1: Called Strike
3-2: Strikes out swinging
Batting: RHB Edward Williams 0-0: Ground out 1-3 (Groundball, 13S)
Bill Houston to second
Batting: RHB Juan Gonzáles 0-0: Foul Ball, location: 2F
0-1: Swinging Strike
0-2: Strikes out swinging
Top of the 9th over - 0 run(s), 0 hit(s), 0 error(s), 1 left on base; Mile High 4 - Lansing 1
BOTTOM OF THE 9TH
Lansing Lugnuts batting - Pitching for Mile High Broncos : RHP Tony Marrero
Pitching: LHP Jorge García
Batting: RHB Jeff Packard 0-0: Ball
1-0: Called Strike
1-1: Ball
2-1: SINGLE (Line Drive, 56)
Batting: RHB Phil Matthews 0-0: Foul Ball, location: 2F
0-1: Foul Ball, location: 2F
0-2: Ball
1-2: Foul Ball, location: 2F
1-2: Ball
2-2: Grounds into double play, 6-4-3 (Groundball, 6)
Batting: RHB Sadao Kimura 0-0: Ball
1-0: Ball
2-0: SINGLE (Line Drive, 3D)
Batting: RHB Matt Silver 0-0: Ball
1-0: Ball
Wild Pitch!
Sadao Kimura to second
2-0: Called Strike
2-1: Swinging Strike
2-2: Ground out 6-3 (Groundball, 6)
Bottom of the 9th over - 0 run(s), 2 hit(s), 0 error(s), 1 left on base; Mile High 4 - Lansing 1
This league is powered by Out of the Park Baseball, the baseball management simulation game for PC, Mac and Linux
Saturday, April 9th, 2016 - OOTP Baseball 16.8 Build 38